 Seeded DCSS version 0.30-a0-279-g4b46babb21 (webtiles) character file.

Game seed: 9700494114414739991 (custom seed)

33 hikkokomori the Trooper (level 3, 0/24 HPs)
             Began as a Gargoyle Berserker on Oct 17, 2022.
             Was a Believer of Trog.
             Slain by Jessica
             ... wielding a +0 dagger
              (2 damage)
             ... on level 2 of the Dungeon.
             The game lasted 00:01:38 (606 turns).

hikkokomori the Trooper (Gargoyle Berserker)         Turns: 606, Time: 00:01:39

Health: 0/24       AC:  5    Str: 20    XL:     3   Next: 29%
Magic:  3/3        EV: 12    Int:  7    God:    Trog [**....]
Gold:   37         SH:  0    Dex: 11    Spells: 2/2 levels left

rFire   . . .      SeeInvis .    a - +0 hand axe
rCold   + . .      Faith    .    (no shield)
rNeg    + . .      Spirit   .    b - +0 animal skin
rPois   ∞          Reflect  .    (no helmet)
rElec   +          Harm     .    (no cloak)
rCorr   .          Rampage  .    (no gloves)
Will    .....                    (no boots)
Stlth   +.........               (no amulet)
HPRegen 0.24/turn                c - ring of protection from cold
MPRegen 0.08/turn                (no ring)

@: on berserk cooldown, slowed, very slow
A: sickness immunity, AC +3, negative energy resistance 1, electricity
resistance, torment resistance 1, petrification resistance
a: Renounce Religion, Berserk, Trog's Hand


You were on level 2 of the Dungeon.
You worshipped Trog.
Trog was pleased with you.
You visited 1 branch of the dungeon, and saw 2 of its levels.

You collected 37 gold pieces.

Inventory:

Hand Weapons
 a - a +0 hand axe (weapon)
Armour
 b - a +0 animal skin (worn)
Jewellery
 c - a ring of protection from cold (left hand)
Scrolls
 e - 3 scrolls of acquirement {unknown}
 f - a scroll of vulnerability {unknown}
 g - a scroll of identify {unknown}
Potions
 d - 2 potions of berserk rage


   Skills:
 + Level 3.6 Fighting
 + Level 3.1 Axes
 + Level 2.7 Armour
 + Level 2.0 Dodging


You had 2 spell levels left.
You didn't know any spells.
Your spell library was empty.

Dungeon Overview and Level Annotations

Branches:
Dungeon (2/15)

Altars:

Annotations:
D:2 Jessica


Innate Abilities, Weirdness & Mutations

You are immune to sickness and miasma.
Your stone body is resilient. (AC +3)
You are immune to poison.
You resist negative energy. (rN+)
You are resistant to electric shocks. (rElec)
You are resistant to unholy torment.
You are immune to petrification.


Message History

Jessica is moderately wounded.
Jessica barely misses you. Jessica hits you with a +0 dagger.
You hit Jessica but do no damage.
Jessica is moderately wounded.
Jessica closely misses you. Jessica gestures at you while chanting.
Pain shoots through your body! Jessica hits you but does no damage.
You barely miss Jessica.
Jessica is lightly wounded.
Jessica hits you with a +0 dagger. x2
Jessica casts a spell.
Jessica blinks!
Jessica hits you with a +0 dagger. x2
* * * LOW HITPOINT WARNING * * *
You are too injured to fight recklessly!
You are too injured to fight recklessly!
You are too injured to fight recklessly!
You are too injured to fight recklessly!
It was a potion of berserk rage.
You're still recovering from your berserk rage.
Jessica hits you with a +0 dagger.
* * * LOW HITPOINT WARNING * * *
Jessica barely misses you.
Unknown command.
Unknown command.
Okay, then.
You hit Jessica.
Jessica is moderately wounded.
Jessica misses you.
Jessica mumbles some strange words.
Jessica blinks!
You see here a quokka corpse.
Jessica gestures wildly while chanting.
Jessica blinks!
You closely miss Jessica.
Jessica is lightly wounded.
Jessica hits you with a +0 dagger.
* * * LOW HITPOINT WARNING * * *
Jessica barely misses you. Jessica hits you with a +0 dagger.
You die...

#.# #.# #.#
#.# #####.#
##.....##
#.......##
#..##§##..##
. ##@@.##..#
#?†...#..#
#:...?#..## .
#....?#...#
..##...##...#
...#####..#.#
#.......##.#
##.....###.#
####.###..#


You could see Jessica (fast).

Vanquished Creatures
  A dart slug (D:1)
  An endoplasm (D:1)
  3 giant cockroaches (D:1)
  2 goblins (D:1)
  3 hobgoblins (D:1)
  3 jackals (D:1)
  2 kobolds (D:1)
  3 quokkas
  A ball python (D:1)
  9 frilled lizards (D:1)
28 creatures vanquished.

Vanquished Creatures (others)
  7 plants (D:1)
7 creatures vanquished.

Grand Total: 35 creatures vanquished

Notes
Turn   | Place    | Note
-------+----------+-------------------------------------------
     0 | D:1      | hikkokomori the Gargoyle Berserker began the quest for the
                  | Orb.
     0 | D:1      | Reached XP level 1. HP: 14/14 MP: 1/1
    66 | D:1      | Reached XP level 2. HP: 9/19 MP: 2/2
   268 | D:1      | Reached XP level 3. HP: 23/23 MP: 3/3
   330 | D:1      | Reached ** piety under Trog
   590 | D:2      | Noticed Jessica
   606 | D:2      | Slain by Jessica

Illustrated notes

Levels and vault maps discovered:
D:1:      minmay_arrival_three_doors, layout_rooms, minmay_lizard_king
D:2:      layout_loops_corners, serial_shops, nicolae_diamond_shop,
          kennysheep_jessica_study, uniq_sigmund

Skill      XL: |  1  2  3 |
---------------+----------+-----
Axes           | 3 |  3.1
Dodging        | 2 |  2.0
Fighting       | |  3.6
Armour         | |  2.7

Action                   || total
-------------------------++-------
Melee: Hand axe          ||    97
Invok: Berserk           ||     2
  Use: Scroll            ||     2
       Potion            ||     1
Armor: Animal skin       ||    40
Dodge: Dodged            ||    79

Table legend: (Time is in decaauts)
 A = Elapsed time spent in this place.
 B = Non-inter-level travel time spent in this place.
 C = Inter-level travel time spent in this place.
 D = Time resting spent in this place.
 E = Time spent auto-exploring this place.
 F = Levels seen in this place.
 G = Mean time per level.
                   A        B        C        D        E       F      G
               +--------+--------+--------+--------+--------+-----+--------+
         Total |    630 |    594 |     36 |     44 |    332 |   2 |  315.0 |
       Dungeon |    630 |    594 |     36 |     44 |    332 |   2 |  315.0 |
               +--------+--------+--------+--------+--------+-----+--------+

Top non-repeatable levels by time:
     D:1: 521 daAuts
     D:2: 109 daAuts
